 Dungeon Crawl Stone Soup version 0.29-a0-925-g0a7a3d12f8 (webtiles) character file.

Game seed: 17973680943771348043

19 Aviak the Magician (level 2, -1/22 HPs)
             Began as a Djinni Fire Elementalist on July 29, 2022.
             Slain by Natasha (4 damage)
             ... on level 2 of the Dungeon.
             The game lasted 00:01:51 (1878 turns).

Aviak the Magician (Djinni Fire Elementalist)       Turns: 1878, Time: 00:01:52

Health: -1/22      AC:  9    Str:  7    XL:     2   Next: 95%
Gold:   33         EV: 12    Int: 16    God:
                   SH:  0    Dex: 13

rFire   + + .      SeeInvis .   g - +1 dagger (protect)
rCold   x . .      Faith    .   (no shield)
rNeg    . . .      Spirit   .   a - +0 robe
rPois   ∞          Reflect  .   (no helmet)
rElec   .          Harm     .   (no cloak)
rCorr   .          Rampage  .   (no gloves)
Will    .....                   (boots unavailable)
Stlth   ++........              (no amulet)
HPRegen 0.07/turn               (no ring)
MPRegen 0.00/turn               (no ring)

@: under a protective aura, flying
A: sickness immunity, fire resistance 2, cold vulnerability 1, float, innate
caster, HP casting, extra vitality 1
a: no special abilities


You were on level 2 of the Dungeon.
You visited 1 branch of the dungeon, and saw 2 of its levels.

You collected 57 gold pieces.
You spent 24 gold pieces at shops.

Inventory:

Hand Weapons
 c - a +0 short sword
 g - a +1 dagger of protection (weapon)
Armour
 a - a +0 robe (worn)
 j - a +0 kite shield
Scrolls
 b - a scroll of fear {unknown}
 d - 2 scrolls of teleportation {unknown}
 e - a scroll of noise {unknown}
 i - 3 scrolls of identify
Potions
 f - 3 potions of magic {unknown}
 h - a potion of heal wounds


   Skills:
 + Level 1.1 Fighting
 - Level 2.1 Dodging
 - Level 1.5 Stealth
 * Level 2.9 Spellcasting


You couldn't memorise any spells.
You knew the following spells:

 Your Spells              Type           Power      Damage    Failure   Level
a - Foxfire               Conj/Fire      44%        2x1d6     5%          1
b - Scorch                Fire           22%        2d6       9%          2
c - Conjure Flame         Conj/Fire      11%        6-21      17%         3
d - Inner Flame           Hex/Fire       11%        N/A       17%         3
e - Flame Wave            Conj/Fire      11%        2d6       50%         4
Your spell library was empty.

Dungeon Overview and Level Annotations

Branches:
Dungeon (2/15) Zot: 10122

Altars:

Shops:
D:1 ?

Annotations:
D:2 Natasha


Innate Abilities, Weirdness & Mutations

You are immune to sickness and miasma.
You are immune to poison.
Your flesh is very heat resistant. (rF++)
You are vulnerable to cold. (rC-)
You float through the air rather than walking.
You learn spells naturally, not from books.
Your magical power is your life essence.
You have superior vitality. (+4 MHP)


Message History

The shadow imp is lightly wounded.
The foxfire hits the shadow imp.
The shadow imp is moderately wounded.
The shadow imp shouts, "Accept thy failure, thou rank rude-growing nightsoil!"
The shadow imp misses you.
Casting: Foxfire (safe; 5% risk of failure)
Confirm with . or Enter, or press ? or * to list all spells.
You conjure some foxfire!
The foxfire hits the shadow imp.
The shadow imp is heavily wounded.
The foxfire hits the shadow imp.
The shadow imp is severely wounded.
Natasha howls an incantation.
You feel troubled.
Natasha mumbles some strange words.
The shadow imp barely misses you.
Okay, then.
Casting: Foxfire (safe; 5% risk of failure)
Confirm with . or Enter, or press ? or * to list all spells.
You conjure some foxfire!
The foxfire hits the shadow imp.
The shadow imp is almost dead.
The foxfire hits the shadow imp.
You kill the shadow imp!
The shadow imp disappears in a puff of smoke!
You hit Natasha.
Your weapon exudes an aura of protection.
Natasha is lightly wounded.
The foxfire hits Natasha.
Natasha is moderately wounded.
The foxfire hits Natasha.
Natasha is moderately wounded.
Natasha closely misses you.
The crimson imp laughs crazily.
Casting: Foxfire (safe; 5% risk of failure)
Confirm with . or Enter, or press ? or * to list all spells.
You conjure some foxfire!
* * * LOW HITPOINT WARNING * * *
The adder misses you. Natasha misses you. The crimson imp hits you.
* * * LOW HITPOINT WARNING * * *
Natasha attacks as you move away! Natasha claws you.
You die...

...# ...# #.# .. ...# ..
.. ...# #. .# ...###
#.##.# .....# ..#.#
##...# #§#.#
.#...##########Sh5######
.+...'......†..v@§......
.#...###########v.......
.....# ##.....## ..####
....... ..# ....... ..#
#.###.. ..# .. . ..# #:#
###


You could see Natasha (ally target), a crimson imp (summoned) and an adder (ally
target).

Vanquished Creatures
  2 endoplasms (D:1)
  A giant cockroach (D:1)
  3 goblins (D:1)
  2 hobgoblins (D:1)
  3 ball pythons
  5 kobolds (D:1)
  2 rats
18 creatures vanquished.

Vanquished Creatures (others)
  67 foxfires
67 creatures vanquished.

Grand Total: 85 creatures vanquished

Notes
Turn   | Place    | Note
-------+----------+-------------------------------------------
     0 | D:1      | Aviak the Djinni Fire Elementalist began the quest for the
                  | Orb.
     0 | D:1      | Aviak set off with the following spells memorised: Foxfire,
                  | Scorch, Conjure Flame, Inner Flame, Flame Wave.
     0 | D:1      | Reached XP level 1. HP: 15/15 MP: 0/0
   324 | D:1      | Reached XP level 2. HP: 9/22 MP: 0/0
   593 | D:1      | Found a faded altar of an unknown god.
  1083 | D:1      | Found Efunut's Magic Scroll Emporium.
  1092 | D:1      | Bought a scroll of identify for 24 gold pieces
  1115 | D:1      | Reached skill level 1 in Fighting
  1868 | D:2      | Noticed Natasha
  1875 | D:2      | Noticed a crimson imp
  1878 | D:2      | Slain by Natasha

Illustrated notes

Levels and vault maps discovered:
D:1:      shiori_arrival_elements, layout_loops_corners, serial_shops,
          shop_scrolls, ebering_ecumenical_altar_webs
D:2:      layout_basic, serial_shops, nicolae_shop_advertising_works
          [nicolae_subvault_shop_adworks], nicolae_shop_stone, shop,
          shop_fountains, uniq_jessica, uniq_robin, uniq_natasha

Skill      XL: |  1  2 |
---------------+-------+-----
Fighting       | 1 |  1.1
Dodging        | |  2.1
Stealth        | |  1.5
Spellcasting   | |  2.9

Action                   || total
-------------------------++-------
Melee: Unarmed           ||     1
       Dagger            ||    29
       Short sword       ||     5
       Punch             ||     1
 Cast: Foxfire           ||    42
Armor: Robe              ||     9
Dodge: Dodged            ||    31

Table legend: (Time is in decaauts)
 A = Elapsed time spent in this place.
 B = Non-inter-level travel time spent in this place.
 C = Inter-level travel time spent in this place.
 D = Time resting spent in this place.
 E = Time spent auto-exploring this place.
 F = Levels seen in this place.
 G = Mean time per level.
                   A        B        C        D        E       F      G
               +--------+--------+--------+--------+--------+-----+--------+
         Total |   1877 |   1809 |     68 |    181 |   1450 |   2 |  938.5 |
       Dungeon |   1877 |   1809 |     68 |    181 |   1450 |   2 |  938.5 |
               +--------+--------+--------+--------+--------+-----+--------+

Top non-repeatable levels by time:
     D:1: 1789 daAuts
     D:2: 87 daAuts
